 Dungeon Crawl Stone Soup version 0.27.1-33-g824d729ab1 (webtiles) character file.

Game seed: 5926040908894951186

6936 DenSaoPin the Evangelist (level 11, 0/85 HPs)
             Began as a Hill Orc Monk on Nov 24, 2021.
             Was an Elder of Beogh.
             Slain by a cyclops (21 damage)
             ... on level 11 of the Dungeon.
             The game lasted 00:47:26 (15004 turns).

DenSaoPin the Evangelist (Hill Orc Monk)           Turns: 15004, Time: 00:47:27

Health: 0/85       AC: 28    Str: 18    XL:     11   Next: 7%
Magic:  6/6        EV:  0    Int: 14    God:    Beogh [****..]
Gold:   698        SH: 14    Dex: 13    Spells: 10/10 levels left

rFire    . . .     SeeInvis .   u - +10 hand axe of Kuodoin {antimagic, +Blink rC+ rCorr}
rCold    + . .     Faith    +   S - +2 tower shield {AC+3}
rNeg     . . .     Spirit   .   U - +2 crystal plate armour
rPois    .         Reflect  .   (no helmet)
rElec    .         Harm     .   l - +0 cloak
rCorr    +         Rampage  .   D - +0 pair of gloves
Will     .....                  (no boots)
Stlth    ..........             W - amulet of faith
HPRegen  0.24/turn              w - +6 ring of intelligence
MPRegen  0.10/turn              (no ring)

@: no status effects
A: dopey 1
a: Renounce Religion, Evoke Blink, Smiting, Recall Orcish Followers


You were on level 11 of the Dungeon.
You worshipped Beogh.
Beogh was greatly pleased with you.
You visited 1 branch of the dungeon, and saw 11 of its levels.
You also visited: Bailey.

You collected 698 gold pieces.

Inventory:

Hand Weapons
 a - a +0 hand axe
 f - a +3 halberd
 j - a +0 flail of protection
 u - the +10 hand axe of Kuodoin (weapon) {antimagic, +Blink rC+ rCorr}
   (You found it on level 6 of the Dungeon)

   It reduces the magical energy of the wielder, and disrupts the spells and
   magical abilities of those it strikes.
   Natural abilities and divine invocations are not affected.
   rC:        It protects you from cold.
   +Blink:    It lets you blink.
   rCorr:     It protects you from acid and corrosion.
 G - a +2 falchion of flaming
 M - a +5 scimitar of freezing
 N - a +2 falchion
 P - the +4 trident "Heug" {vorpal, rC+ Dex+5 Stlth+}
   (You found it on level 9 of the Dungeon)

   It inflicts extra damage upon your enemies.
   Dex:       It affects your dexterity (+5).
   rC:        It protects you from cold.
   Stlth:     It makes you more stealthy.
 Q - a +3 war axe
 R - a +4 halberd of freezing
Missiles
 g - 2 throwing nets (quivered)
Armour
 b - a +0 robe
 e - a +0 plate armour
 l - a +0 cloak (worn)
 q - a +0 ring mail
 t - a +0 scale mail
 y - +0 steam dragon scales
 D - a +0 pair of gloves (worn)
 S - a +2 tower shield of protection (worn)
 U - a +2 crystal plate armour (worn)
Magical Staves
 T - a staff of poison
Jewellery
 n - an amulet of guardian spirit
 o - an amulet of the acrobat
 s - an amulet of reflection
 w - a +6 ring of intelligence (left hand)
 W - an amulet of faith (around neck)
 Y - an amulet of reflection
Wands
 c - a wand of flame (18)
 C - a wand of digging (6)
 H - a wand of paralysis (1)
 K - a wand of acid (8)
 L - a wand of polymorph (7)
 O - a wand of mindburst (6)
Scrolls
 d - a scroll of enchant armour {unknown}
 h - a scroll of amnesia
 i - 9 scrolls of identify
 k - 4 scrolls of enchant weapon
 r - 6 scrolls of teleportation
 v - 2 scrolls of magic mapping {unknown}
 I - a scroll of blinking {unknown}
 V - a scroll of holy word
 Z - a scroll of silence {unknown}
Potions
 m - a potion of lignification {unknown}
 p - a potion of cancellation {unknown}
 x - 2 potions of invisibility {unknown}
 z - 3 potions of might {unknown}
 A - a potion of degeneration {unknown}
 B - 2 potions of mutation
 E - 2 potions of haste {unknown}
 F - a potion of flight
 J - a potion of curing
 X - a potion of brilliance {unknown}


   Skills:
 + Level 4.5 Fighting
 + Level 12.2 Axes
 + Level 10.1 Armour
 - Level 2.4 Dodging
 - Level 1.5 Stealth
 + Level 2.1 Shields
 + Level 12.4 Invocations


You had 10 spell levels left.
You didn't know any spells.
Your spell library contained the following spells:

 Spells                   Type           Power      Damage    Failure   Level
 Animate Skeleton         Necr           0%         N/A       100%        1
 Apportation              Tloc           0%         N/A       100%        1
 Pain                     Necr           0%         1d4       100%        1
 Shock                    Conj/Air       0%         1d3       100%        1
 Corpse Rot               Necr/Air       N/A        N/A       100%        2
 Poisonous Vapours        Pois/Air       0%         N/A       100%        2
 Slow                     Hex            0%         N/A       100%        2
 Sublimation of Blood     Necr           0%         N/A       100%        2
 Confusing Touch          Hex            0%         N/A       100%        3
 Gell's Gravitas          Tloc           0%         N/A       100%        3
 Lesser Beckoning         Tloc           0%         N/A       100%        3
 Ozocubu's Armour         Ice            0%         N/A       100%        3
 Portal Projectile        Hex/Tloc       0%         N/A       100%        3
 Summon Guardian Golem    Hex/Summ       0%         N/A       100%        3
 Swiftness                Air            0%         N/A       100%        3
 Teleport Other           Tloc           0%         N/A       100%        3
 Vampiric Draining        Necr           0%         2d6       100%        3
 Airstrike                Air            0%         N/A       100%        4
 Animate Dead             Necr           0%         N/A       100%        4
 Petrify                  Tmut/Erth      0%         N/A       100%        4
 Agony                    Necr           0%         N/A       100%        5
 Alistair's Intoxication  Tmut/Pois      0%         N/A       100%        5
 Blade Hands              Tmut           0%         N/A       100%        5
 Borgnjor's Vile Clutch   Necr/Erth      0%         N/A       100%        5
 Excruciating Wounds      Necr           0%         N/A       100%        5
 Freezing Cloud           Conj/Ice/Air   0%         6-21      100%        5
 Irradiate                Conj/Tmut      0%         3d13      100%        5
 Yara's Violent Unravell  Hex/Tmut       0%         3d3       100%        5
 Death Channel            Necr           0%         N/A       100%        6
 Invisibility             Hex            0%         N/A       100%        6
 Orb of Destruction       Conj           0%         N/A       100%        7
 Ozocubu's Refrigeration  Ice            0%         4d5       100%        7
 Spellforged Servitor     Conj/Summ      0%         N/A       100%        7


Dungeon Overview and Level Annotations

Branches:
Dungeon (11/15)            Temple (0/1) D:5            Lair (0/6) D:8
    Orc (0/2) D:9          Bailey (visited)

Altars:
Ashenzari
Cheibriados
Elyvilon
Gozag
Nemelex Xobeh
Qazlal
Uskayaw
Xom
Yredelemnul
Zin

Annotations:
D:5 Prince Ribbit


Innate Abilities, Weirdness & Mutations

You are dopey. (Int -2)


Message History

The vampire flickers and vanishes!
Deactivating autopickup; reactivate with Ctrl-A.
You block the cyclops's attack.
A boulder beetle comes into view.
The cyclops hits you but does no damage.
Something hits you but does no damage. Something bites you but does no damage.
You slash the cyclops!
The cyclops is moderately wounded.
You hit something but do no damage. Something hits you!
Something bites you but does no damage. You block the cyclops's attack.
The boulder beetle curls into a ball and begins rolling!
You hit the cyclops.
The cyclops is moderately wounded.
You miss something. Something hits you but does no damage. Something bites you!
Something draws strength from your injuries!
Your crystal plate armour prevents you from hitting the cyclops.
The cyclops is moderately wounded.
You slash something! You block the cyclops's attack.
Something hits you but does no damage. Something bites you but does no damage.
You slash the cyclops!
The cyclops is severely wounded.
You hit something but do no damage. Something hits you but does no damage.
Something bites you.
Something draws strength from your injuries!
You block the cyclops's attack. You block the boulder beetle's attack.
The boulder beetle stops rolling and uncurls.
You hit the cyclops.
The cyclops is severely wounded.
You hit something. You slash the boulder beetle! Something hits you.
You block something's attack. The boulder beetle bites you!
The cyclops hits you.
You hit the cyclops.
The cyclops is almost dead.
You hit something. You hit the boulder beetle.
Something hits you but does no damage. Something bites you.
Something draws strength from your injuries!
The boulder beetle bites you!!
* * * LOW HITPOINT WARNING * * *
The cyclops hits you!!
You die...

.. #.# #.# #.#
#######.#
.....#.## #
.####.>...# .##
.......C#.#####...
.###....@.:....##
#...B........#
.......#.#...#.#
..........#.###
...###.####.#
.....#.#....#
#####.#...(...##
.....#.###.#.# #.
#.#...#.#.#


You could see a boulder beetle and a cyclops.

Vanquished Creatures
  A troll (D:10)
  Sigmund (D:3)
  A shadow (D:9)
  A yak (D:9)
  A steam dragon (D:6)
  Grum (D:8)
  2 water moccasins
  2 black bears
  An orc warrior (Bailey)
  2 sky beasts (D:7)
  2 wolves (D:8)
  A centaur (D:5)
  An ogre (D:8)
  2 phantoms
  2 kobold brigands
  5 bullfrogs
  A wyvern zombie (D:7)
  4 killer bees
  6 howler monkeys
  5 wights
  A bullfrog zombie (D:7)
  4 centaur zombies
  2 orc priests
  A centaur skeleton (D:7)
  2 hounds (D:7)
  2 gnoll shamans (D:5)
  2 bullfrog skeletons
  2 iguanas
  3 hound skeletons
  2 howler monkey zombies
  3 adders
  17 gnolls
  A white imp (D:8)
  An adder skeleton (D:4)
  7 dart slugs
  25 orcs
  A ball python (D:4)
  12 endoplasms
  8 goblins
  9 hobgoblins
  15 jackals (D:5)
  6 kobolds
  3 quokkas (D:1)
  4 bats
  2 frilled lizards
  14 rats
191 creatures vanquished.

Vanquished Creatures (collateral kills)
  Fannar (D:10)
  A two-headed ogre (D:8)
  Maurice (D:8)
  A gargoyle (D:10)
  A komodo dragon (D:10)
  2 hornets
  A wraith (D:10)
  A wyvern (D:8)
  2 yaks (D:9)
  2 water moccasins (D:8)
  3 orc warriors
  3 black bears (D:8)
  2 bullfrogs (D:8)
  3 killer bees
  3 wights
  A howler monkey (D:10)
  A centaur zombie (D:9)
  An orc wizard (D:8)
  A howler monkey zombie (D:9)
  6 orcs
  2 goblins (D:10)
  2 kobolds (D:10)
41 creatures vanquished.

Vanquished Creatures (others)
  An orc warrior (Bailey)
  An orc priest (D:5)
  An orc wizard (D:5)
  13 orcs
  53 fungi (D:8)
  51 plants
120 creatures vanquished.

Grand Total: 352 creatures vanquished

Notes
Turn   | Place    | Note
-------+----------+-------------------------------------------
     0 | D:1      | DenSaoPin the Hill Orc Monk began the quest for the Orb.
     0 | D:1      | Reached XP level 1. HP: 19/19 MP: 1/1
   306 | D:1      | Reached skill level 1 in Armour
   306 | D:1      | Reached XP level 2. HP: 25/26 MP: 2/2
   368 | D:1      | Found a faded altar of an unknown god.
  1001 | D:1      | Reached XP level 3. HP: 31/31 MP: 3/3
  1349 | D:1      | Reached skill level 5 in Axes
  2161 | D:2      | Reached XP level 4. HP: 39/39 MP: 4/4
  2242 | D:3      | Noticed Sigmund
  3334 | D:4      | Reached XP level 5. HP: 16/45 MP: 5/5
  4459 | D:4      | Noticed a phantom
  4513 | D:4      | Killed a phantom
  4514 | D:4      | Reached XP level 6. HP: 11/51 MP: 6/6
  5057 | D:3      | Killed Sigmund
  5058 | D:3      | Reached skill level 5 in Armour
  5273 | D:5      | Entered Level 5 of the Dungeon
  5500 | D:5      | Reached XP level 7. HP: 53/57 MP: 7/7
  5880 | D:5      | Found a white marble altar of Elyvilon.
  5920 | D:5      | Noticed Prince Ribbit
  5942 | D:5      | Gained mutation: You are dopey. (Int -2) [potion of
                  | mutation]
  5945 | D:5      | HP: 1/57 [Prince Ribbit (13)]
  6614 | D:5      | Became a worshipper of Beogh the Brigand
  6614 | D:5      | Reached * piety under Beogh
  6614 | D:5      | Reached ** piety under Beogh
  6615 | D:5      | Found a staircase to the Ecumenical Temple.
  6739 | D:5      | Reached XP level 8. HP: 57/64 MP: 8/8
  6881 | D:5      | Found a basalt altar of Yredelemnul.
  7365 | D:5      | Reached skill level 1 in Invocations
  8784 | D:6      | Identified the +10 hand axe of Kuodoin {antimagic, +Blink
                  | rC+ rCorr}
  8922 | D:6      | Reached skill level 5 in Invocations
  9798 | D:7      | Found a hide-covered altar of Uskayaw.
  9814 | D:7      | Reached XP level 9. HP: 70/70 MP: 5/15
  9893 | D:7      | Found a snail-covered altar of Cheibriados.
 10516 | D:7      | Reached *** piety under Beogh
 10879 | D:7      | Noticed an angel
 10880 | D:7      | Found a glowing silver altar of Zin.
 11030 | D:8      | Noticed Grum
 11040 | D:8      | Killed Grum
 11296 | D:8      | Noticed Maurice
 11300 | D:8      | Noticed a two-headed ogre
 11318 | D:8      | Reached skill level 10 in Invocations
 11322 | D:8      | Killed a two-headed ogre
 11323 | D:8      | Reached skill level 10 in Axes
 11350 | D:8      | Killed Maurice
 11351 | D:8      | Reached XP level 10. HP: 8/77 MP: 4/18
 11761 | D:8      | Found a staircase to the Lair.
 12048 | D:8      | Found a shimmering altar of Xom.
 12499 | D:8      | Found a sparkling altar of Nemelex Xobeh.
 12590 | D:8      | Found an opulent altar of Gozag.
 12808 | D:9      | Paralysed by a hornet for 1 turns
 12963 | D:9      | Found a broken altar of Ashenzari.
 13019 | D:9      | Gained Korbok as an ally
 13105 | D:9      | Reached **** piety under Beogh
 13498 | D:9      | Identified the +4 trident "Heug" {vorpal, rC+ Dex+5 Stlth+}
 13524 | D:9      | Found a staircase to the Orcish Mines.
 13597 | D:9      | Found a stormy altar of Qazlal.
 13772 | D:10     | Entered Level 10 of the Dungeon
 13837 | D:10     | Found a flagged portal.
 13850 | Bailey   | Entered a bailey
 14321 | D:10     | Noticed a gargoyle
 14329 | D:10     | Killed a gargoyle
 14466 | D:10     | Noticed a deep elf archer
 14538 | D:10     | Reached skill level 1 in Shields
 14636 | D:10     | Reached skill level 10 in Armour
 14636 | D:10     | Reached XP level 11. HP: 56/84 MP: 6/20
 14808 | D:10     | Noticed Fannar
 14819 | D:10     | Killed Fannar
 14991 | D:11     | Noticed a cyclops
 14998 | D:11     | Noticed a boulder beetle
 15004 | D:11     | Slain by a cyclops

Illustrated notes

Levels and vault maps discovered:
D:1:      shiori_arrival_oz, layout_rooms, ebering_ecumenical_altar_mist
D:2:      layout_loops_ring
D:3:      layout_rooms, kennysheep_generic_room_10, uniq_sigmund
D:4:      layout_cave_pools, serial_glass, glass_columns_b, glass_columns_c
D:5:      lemuel_castle_with_subvaults [lemuel_castle_interior_carwin_2],
          layout_loops_corners, kennysheep_ying_yang,
          minmay_temple_entry_junction, uniq_prince_ribbit1
D:6:      layout_loops_ring
D:7:      layout_loops_corners, mainiacjoe_overflow_concentric_impassable,
          zin_angel, mainiacjoe_overflow_alcove_4
D:8:      layout_basic, xom_teletrap_fun, mainiacjoe_overflow_alcove_2,
          nemelex_spade_bored_becter, due_lair_maze_entry_diamond,
          nicolae_ossuary_entry_monument, grunt_ministairs_11, grunt_ogre_cave,
          uniq_grum, uniq_maurice
D:9:      layout_irregular_city, mainiacjoe_overflow_cross_hatched,
          kennysheep_little_box, orc_0_dummy, dk_vineyard_1
D:10:     layout_roguey, enter_bailey_3, hangedman_decor_slide_cut,
          chequers_arboretum, wad_dig_loot, uniq_fannar
D:11:     layout_basic, uniq_urug

Skill      XL: |  1  2  3  4  5  6  7  8  9 10 11 |
---------------+----------------------------------+-----
Armour         | 1 2 3 4 5 6 7 8 10 | 10.1
Axes           | 5 6 7 9 10 12 | 12.2
Invocations    | 8 10 12 | 12.4
Fighting       | 4 |  4.5
Shields        | 1 2 |  2.1
Dodging        | |  2.4
Stealth        | |  1.5

Action                   |  1- 3 |  4- 6 |  7- 9 | 10-12 || total
-------------------------+-------+-------+-------+-------++-------
Melee: Hand axe          |   135 |   238 |   319 |   149 ||   841
       Halberd           |       |       |    72 |       ||    72
Invok: Convert to Beogh  |       |       |     1 |       ||     1
       Smiting           |       |       |     1 |       ||     1
  Use: Potion            |       |     4 |     9 |       ||    13
       Scroll            |       |       |     7 |       ||     7
 Stab: Sleeping          |     7 |     1 |       |       ||     8
       Distracted        |       |       |       |     1 ||     1
Armor: Robe              |    28 |    10 |       |       ||    38
       Ring mail         |       |    17 |       |       ||    17
       Scale mail        |       |    31 |    61 |       ||    92
       Plate armour      |       |       |   153 |    56 ||   209
       Crystal plate arm |       |       |       |    21 ||    21
Dodge: Dodged            |    65 |   114 |   186 |    84 ||   449
Block: Other             |       |    13 |    82 |       ||    95
       Tower shield      |       |       |       |    16 ||    16
